General information
- name: BNet
- type: Ladder team game (AT/RT)
- host: Battle.net
- saver: Towers4Algernon
map: Slalom
- players: 8
- length: 34:44
- speed: Fast
- version: 1.23 W3XP
- replay type: Public
» download(275 KB)
Players
team 1 (winner)
GotoYurup (
green | 114 APM | 2708 actions | 23:49)
5 Shadow Hunter
3 Hex
2 Healing Wave
» actions
| Assign group hotkey | 366 | |
| Basic commands | 32 | |
| Build / train | 48 | |
| ESC pressed | 5 | |
| Enter build submenu | 24 | |
| Enter hero's abilities submenu | 5 | |
| Right click | 1508 | |
| Select / deselect | 202 | |
| Select group hotkey | 421 | |
| Use ability | 97 | |
2708 total
» units
» buildings
| Altar of Storms | 1 | |
| Orc Burrow | 4 | |
| War Mill | 1 | |
| Watch Tower | 7 | |
| Stronghold | 3 | |
| Beastiary | 1 | |
| Barracks | 2 | |
| Great Hall | 1 | |
| Fortress | 1 | |
21 total
» build order
00:02 Altar of Storms
00:08 Orc Burrow
01:20 War Mill
02:33 Watch Tower
02:45 Watch Tower
02:58 Orc Burrow
03:09 Watch Tower
03:21 Watch Tower
04:18 Stronghold
04:19 Stronghold
08:24 Beastiary
08:31 Orc Burrow
08:49 Barracks
08:49 Barracks
09:56 Orc Burrow
16:37 Great Hall
16:56 Watch Tower
16:56 Watch Tower
16:59 Watch Tower
17:40 Fortress
» items
| Healing Salve | 2 | |
| Lesser Clarity Potion | 3 | |
| Scroll of Speed | 1 | |
| Boots of Speed | 1 | |
| Staff of Teleportation | 1 | |
| Orb of Lightning | 1 | |
9 total
TIMG4STRok (
orange | 64 APM | 2225 actions | 34:41)
5 Archmage
3 Summon Water Elemental
2 Brilliance Aura
1 Far Seer
1 Far Sight
» actions
| Assign group hotkey | 13 | |
| Basic commands | 59 | |
| Build / train | 84 | |
| ESC pressed | 9 | |
| Enter build submenu | 68 | |
| Enter hero's abilities submenu | 6 | |
| Right click | 1071 | |
| Select / deselect | 399 | |
| Select group hotkey | 322 | |
| Use ability | 194 | |
2225 total
» units
» upgrades
| Masonry | 3 | |
| Gunpowder | 1 | |
| Magic Sentry | 1 | |
5 total
» buildings
| Lumber Mill | 1 | |
| Altar of Kings | 2 | |
| Farm | 5 | |
| Scout Tower | 68 | |
| Arcane Tower | 4 | |
| Guard Tower | 19 | |
| Keep | 2 | |
| Blacksmith | 1 | |
| Castle | 2 | |
| Arcane Sanctum | 1 | |
| Town Hall | 4 | |
| Workshop | 2 | |
| Gryphon Aviary | 1 | |
112 total
» build order
00:15 Lumber Mill
00:26 Altar of Kings
00:29 Farm
01:55 Scout Tower
01:56 Scout Tower
01:57 Scout Tower
02:02 Scout Tower
02:15 Farm
02:24 Arcane Tower
02:32 Scout Tower
02:44 Guard Tower
06:22 Scout Tower
06:22 Scout Tower
06:22 Scout Tower
06:23 Scout Tower
06:23 Scout Tower
06:23 Scout Tower
06:25 Scout Tower
06:28 Scout Tower
07:13 Scout Tower
07:17 Farm
07:22 Scout Tower
07:23 Scout Tower
07:23 Scout Tower
07:23 Scout Tower
07:24 Scout Tower
07:30 Arcane Tower
08:15 Scout Tower
08:15 Scout Tower
08:15 Scout Tower
08:16 Scout Tower
08:16 Scout Tower
08:18 Scout Tower
08:46 Guard Tower
08:56 Guard Tower
09:25 Arcane Tower
09:40 Keep
09:42 Blacksmith
11:51 Farm
11:54 Farm
13:13 Castle
13:14 Arcane Sanctum
13:21 Scout Tower
13:22 Scout Tower
13:22 Scout Tower
13:23 Scout Tower
13:24 Scout Tower
13:26 Scout Tower
13:26 Scout Tower
13:27 Scout Tower
13:28 Scout Tower
13:29 Scout Tower
13:30 Scout Tower
13:31 Scout Tower
13:31 Scout Tower
13:32 Scout Tower
13:33 Scout Tower
13:34 Scout Tower
13:34 Scout Tower
13:36 Scout Tower
13:51 Guard Tower
13:58 Town Hall
14:00 Guard Tower
14:10 Workshop
14:17 Workshop
14:19 Guard Tower
14:39 Guard Tower
15:38 Guard Tower
15:42 Guard Tower
15:44 Scout Tower
15:45 Scout Tower
15:46 Scout Tower
15:47 Scout Tower
16:37 Town Hall
16:50 Guard Tower
17:07 Gryphon Aviary
18:15 Town Hall
20:38 Scout Tower
21:32 Guard Tower
21:33 Scout Tower
21:35 Scout Tower
21:36 Scout Tower
22:05 Altar of Kings
22:09 Keep
22:16 Guard Tower
22:47 Guard Tower
25:51 Town Hall
25:54 Scout Tower
25:55 Scout Tower
25:56 Scout Tower
25:56 Scout Tower
25:57 Scout Tower
25:58 Scout Tower
25:58 Scout Tower
25:59 Scout Tower
26:24 Arcane Tower
26:26 Guard Tower
26:55 Guard Tower
28:16 Guard Tower
28:20 Castle
29:09 Scout Tower
29:10 Scout Tower
29:11 Scout Tower
29:13 Scout Tower
29:13 Scout Tower
29:14 Scout Tower
29:15 Scout Tower
29:18 Scout Tower
29:19 Scout Tower
30:44 Guard Tower
30:49 Guard Tower
31:51 Guard Tower
» items
| Healing Salve | 2 | |
| Lesser Clarity Potion | 4 | |
| Staff of Teleportation | 1 | |
| Boots of Speed | 1 | |
| Orb of Lightning | 1 | |
| Tome of Retraining | 1 | |
10 total
Towers4Algernon (
teal | 88 APM | 3057 actions | 34:44)
2 Archmage
1 Summon Water Elemental
1 Brilliance Aura
» actions
| Assign group hotkey | 119 | |
| Basic commands | 25 | |
| Build / train | 359 | |
| ESC pressed | 11 | |
| Enter build submenu | 178 | |
| Enter hero's abilities submenu | 2 | |
| Remove unit from queue | 3 | |
| Right click | 1010 | |
| Select / deselect | 999 | |
| Select group hotkey | 41 | |
| Use ability | 310 | |
3057 total
» units
» upgrades
» buildings
| Altar of Kings | 1 | |
| Town Hall | 2 | |
| Farm | 3 | |
| Lumber Mill | 1 | |
| Scout Tower | 243 | |
| Arcane Tower | 1 | |
| Guard Tower | 299 | |
| Keep | 2 | |
552 total
» build order
00:05 Altar of Kings
02:00 Town Hall
02:09 Farm
02:10 Farm
02:37 Farm
02:44 Lumber Mill
03:10 Scout Tower
03:11 Scout Tower
03:12 Scout Tower
03:13 Scout Tower
03:25 Scout Tower
03:26 Scout Tower
03:26 Scout Tower
03:40 Arcane Tower
03:48 Guard Tower
03:48 Guard Tower
03:52 Scout Tower
03:52 Scout Tower
03:53 Scout Tower
03:54 Scout Tower
04:07 Scout Tower
04:08 Scout Tower
04:08 Scout Tower
04:15 Guard Tower
04:16 Guard Tower
04:31 Guard Tower
04:31 Guard Tower
04:32 Guard Tower
04:33 Guard Tower
04:35 Scout Tower
04:35 Scout Tower
04:36 Scout Tower
04:49 Guard Tower
04:49 Guard Tower
04:51 Scout Tower
04:52 Scout Tower
04:55 Guard Tower
04:55 Guard Tower
04:56 Guard Tower
05:04 Guard Tower
05:17 Scout Tower
05:17 Scout Tower
05:37 Scout Tower
05:37 Scout Tower
05:38 Scout Tower
05:38 Scout Tower
05:39 Scout Tower
05:39 Scout Tower
05:40 Scout Tower
05:41 Scout Tower
05:41 Scout Tower
05:43 Scout Tower
05:44 Scout Tower
05:45 Scout Tower
05:45 Scout Tower
05:46 Scout Tower
05:47 Guard Tower
05:47 Guard Tower
05:47 Guard Tower
05:58 Scout Tower
05:58 Scout Tower
05:59 Scout Tower
06:01 Scout Tower
06:01 Scout Tower
06:01 Scout Tower
06:01 Scout Tower
06:04 Guard Tower
06:05 Guard Tower
06:06 Guard Tower
06:06 Guard Tower
06:07 Guard Tower
06:17 Guard Tower
06:18 Guard Tower
06:22 Guard Tower
06:22 Guard Tower
06:24 Guard Tower
06:24 Guard Tower
06:33 Guard Tower
06:46 Scout Tower
06:46 Guard Tower
06:50 Scout Tower
06:50 Scout Tower
06:56 Guard Tower
06:56 Guard Tower
07:00 Guard Tower
07:00 Guard Tower
07:00 Guard Tower
07:14 Guard Tower
07:14 Guard Tower
07:17 Scout Tower
07:21 Scout Tower
07:21 Scout Tower
07:30 Guard Tower
07:33 Scout Tower
07:33 Scout Tower
07:38 Scout Tower
07:40 Scout Tower
07:41 Scout Tower
07:42 Scout Tower
07:43 Scout Tower
07:43 Scout Tower
07:44 Scout Tower
07:44 Scout Tower
07:44 Scout Tower
07:53 Guard Tower
07:53 Guard Tower
07:54 Guard Tower
07:54 Guard Tower
07:55 Guard Tower
07:55 Guard Tower
08:08 Scout Tower
08:09 Scout Tower
08:09 Scout Tower
08:10 Guard Tower
08:10 Guard Tower
08:11 Guard Tower
08:12 Guard Tower
08:16 Guard Tower
08:16 Guard Tower
08:18 Guard Tower
08:29 Guard Tower
08:34 Guard Tower
08:39 Guard Tower
08:39 Guard Tower
08:41 Guard Tower
08:42 Guard Tower
08:43 Guard Tower
08:43 Guard Tower
08:43 Guard Tower
08:45 Scout Tower
08:58 Scout Tower
08:59 Scout Tower
09:00 Scout Tower
09:00 Scout Tower
09:17 Guard Tower
09:18 Guard Tower
09:19 Guard Tower
09:19 Guard Tower
09:21 Guard Tower
09:23 Guard Tower
09:24 Scout Tower
09:25 Scout Tower
09:25 Scout Tower
09:26 Scout Tower
09:32 Guard Tower
09:32 Guard Tower
09:42 Guard Tower
09:44 Scout Tower
09:44 Scout Tower
09:45 Scout Tower
09:53 Scout Tower
09:53 Scout Tower
09:54 Scout Tower
09:54 Scout Tower
09:55 Guard Tower
09:55 Guard Tower
10:02 Scout Tower
10:02 Scout Tower
10:04 Scout Tower
10:04 Scout Tower
10:06 Scout Tower
10:07 Scout Tower
10:09 Scout Tower
10:28 Guard Tower
10:28 Guard Tower
10:29 Guard Tower
10:29 Guard Tower
10:37 Guard Tower
10:37 Guard Tower
10:39 Scout Tower
10:40 Scout Tower
10:48 Scout Tower
10:49 Scout Tower
10:49 Scout Tower
10:57 Guard Tower
10:57 Guard Tower
11:16 Guard Tower
11:16 Guard Tower
11:23 Scout Tower
11:24 Scout Tower
11:25 Scout Tower
11:34 Scout Tower
11:34 Scout Tower
11:34 Scout Tower
11:42 Scout Tower
11:43 Scout Tower
11:44 Scout Tower
11:49 Scout Tower
11:52 Guard Tower
11:53 Guard Tower
12:04 Scout Tower
12:05 Scout Tower
12:06 Scout Tower
12:07 Guard Tower
12:08 Guard Tower
12:16 Keep
12:16 Keep
12:18 Guard Tower
12:19 Scout Tower
12:21 Guard Tower
12:21 Guard Tower
12:22 Guard Tower
12:22 Guard Tower
12:23 Scout Tower
12:42 Guard Tower
12:42 Guard Tower
12:45 Guard Tower
12:46 Scout Tower
12:47 Scout Tower
12:49 Scout Tower
13:00 Scout Tower
13:08 Scout Tower
13:08 Scout Tower
13:09 Scout Tower
13:09 Scout Tower
13:10 Scout Tower
13:15 Guard Tower
13:15 Guard Tower
13:17 Guard Tower
13:22 Scout Tower
13:23 Scout Tower
13:24 Guard Tower
13:28 Scout Tower
13:28 Scout Tower
13:29 Scout Tower
13:30 Guard Tower
13:33 Scout Tower
13:37 Guard Tower
13:37 Guard Tower
13:42 Guard Tower
13:42 Guard Tower
13:43 Scout Tower
13:43 Scout Tower
13:44 Scout Tower
13:48 Scout Tower
13:49 Scout Tower
13:50 Guard Tower
13:50 Guard Tower
13:53 Scout Tower
13:54 Scout Tower
13:54 Scout Tower
13:54 Guard Tower
13:55 Guard Tower
14:05 Guard Tower
14:05 Guard Tower
14:07 Scout Tower
14:08 Scout Tower
14:09 Guard Tower
14:10 Guard Tower
14:10 Guard Tower
14:15 Scout Tower
14:15 Scout Tower
14:15 Scout Tower
14:23 Guard Tower
14:24 Guard Tower
14:24 Guard Tower
14:33 Guard Tower
14:33 Guard Tower
14:40 Scout Tower
14:40 Scout Tower
14:41 Scout Tower
14:41 Scout Tower
14:42 Scout Tower
14:54 Scout Tower
14:55 Scout Tower
15:12 Guard Tower
15:13 Guard Tower
15:24 Scout Tower
15:25 Scout Tower
15:25 Scout Tower
15:27 Scout Tower
15:27 Scout Tower
15:28 Scout Tower
15:29 Scout Tower
15:32 Guard Tower
15:33 Guard Tower
15:34 Scout Tower
15:37 Guard Tower
15:40 Guard Tower
15:41 Guard Tower
15:48 Scout Tower
15:52 Scout Tower
15:52 Scout Tower
15:55 Guard Tower
16:02 Guard Tower
16:02 Guard Tower
16:05 Guard Tower
16:06 Guard Tower
16:06 Guard Tower
16:07 Guard Tower
16:07 Guard Tower
16:15 Scout Tower
16:15 Scout Tower
16:15 Scout Tower
16:16 Scout Tower
16:16 Scout Tower
16:20 Guard Tower
16:20 Guard Tower
16:29 Guard Tower
16:34 Guard Tower
16:37 Scout Tower
16:37 Scout Tower
16:38 Scout Tower
16:38 Scout Tower
16:38 Scout Tower
16:39 Scout Tower
16:39 Scout Tower
16:40 Scout Tower
16:45 Scout Tower
16:46 Scout Tower
16:46 Scout Tower
16:46 Scout Tower
17:03 Guard Tower
17:04 Guard Tower
17:07 Guard Tower
17:09 Guard Tower
17:09 Guard Tower
17:11 Guard Tower
17:12 Guard Tower
17:12 Guard Tower
17:20 Guard Tower
17:20 Guard Tower
17:31 Guard Tower
17:31 Guard Tower
17:34 Scout Tower
17:34 Scout Tower
17:36 Scout Tower
17:38 Scout Tower
17:45 Guard Tower
17:46 Guard Tower
17:56 Guard Tower
18:04 Guard Tower
18:04 Guard Tower
18:06 Guard Tower
18:06 Guard Tower
18:09 Guard Tower
18:09 Guard Tower
18:10 Guard Tower
18:11 Guard Tower
18:11 Guard Tower
18:17 Scout Tower
18:20 Scout Tower
18:21 Scout Tower
18:22 Guard Tower
18:22 Guard Tower
18:35 Guard Tower
18:35 Guard Tower
18:36 Guard Tower
18:42 Guard Tower
18:42 Guard Tower
18:44 Guard Tower
18:44 Guard Tower
18:44 Guard Tower
18:53 Guard Tower
18:54 Guard Tower
18:59 Guard Tower
18:59 Guard Tower
19:08 Scout Tower
19:09 Scout Tower
19:09 Scout Tower
19:09 Scout Tower
19:10 Scout Tower
19:21 Scout Tower
19:21 Scout Tower
19:23 Scout Tower
19:23 Scout Tower
19:27 Scout Tower
19:29 Scout Tower
19:33 Scout Tower
19:43 Guard Tower
19:44 Guard Tower
19:57 Guard Tower
19:58 Guard Tower
20:01 Guard Tower
20:08 Guard Tower
20:08 Guard Tower
20:08 Guard Tower
20:21 Guard Tower
20:21 Guard Tower
20:24 Guard Tower
20:31 Guard Tower
20:32 Scout Tower
20:33 Scout Tower
20:33 Scout Tower
20:41 Scout Tower
20:41 Scout Tower
20:43 Scout Tower
20:49 Scout Tower
20:50 Scout Tower
20:56 Scout Tower
20:56 Scout Tower
21:05 Scout Tower
21:05 Scout Tower
21:09 Guard Tower
21:09 Guard Tower
21:19 Guard Tower
21:19 Guard Tower
21:20 Guard Tower
21:23 Scout Tower
21:24 Scout Tower
21:30 Scout Tower
23:46 Guard Tower
28:28 Scout Tower
28:29 Scout Tower
28:29 Scout Tower
28:55 Guard Tower
28:56 Guard Tower
28:56 Guard Tower
28:57 Guard Tower
28:58 Guard Tower
28:59 Scout Tower
29:01 Scout Tower
29:01 Scout Tower
29:24 Guard Tower
29:26 Scout Tower
29:28 Guard Tower
29:56 Guard Tower
29:56 Guard Tower
29:58 Scout Tower
29:58 Scout Tower
30:24 Guard Tower
30:24 Guard Tower
30:25 Scout Tower
30:26 Guard Tower
30:46 Scout Tower
30:47 Scout Tower
30:48 Scout Tower
30:48 Scout Tower
30:50 Scout Tower
31:04 Guard Tower
31:04 Guard Tower
31:27 Scout Tower
31:27 Scout Tower
31:31 Guard Tower
31:31 Guard Tower
31:42 Guard Tower
31:42 Guard Tower
31:58 Guard Tower
31:59 Guard Tower
32:01 Scout Tower
32:01 Scout Tower
32:02 Guard Tower
32:02 Guard Tower
32:28 Guard Tower
32:29 Scout Tower
32:31 Scout Tower
32:32 Scout Tower
32:33 Guard Tower
32:33 Guard Tower
32:57 Town Hall
33:21 Guard Tower
33:45 Guard Tower
34:10 Guard Tower
34:10 Guard Tower
» items
| Healing Salve | 1 | |
| Lesser Clarity Potion | 1 | |
2 total
US-East (
purple | 102 APM | 3534 actions | 34:41)
8 Far Seer
3 Feral Spirit
3 Chain Lighting
1 Earth Quake
1 Far Sight
» actions
| Assign group hotkey | 8 | |
| Basic commands | 95 | |
| Build / train | 62 | |
| ESC pressed | 4 | |
| Enter build submenu | 29 | |
| Enter hero's abilities submenu | 8 | |
| Give item / drop item | 1 | |
| Right click | 2220 | |
| Select / deselect | 381 | |
| Select group hotkey | 560 | |
| Use ability | 166 | |
3534 total
» units
» buildings
| Altar of Storms | 1 | |
| Orc Burrow | 5 | |
| Voodoo Lounge | 4 | |
| War Mill | 1 | |
| Stronghold | 3 | |
| Watch Tower | 3 | |
| Fortress | 1 | |
| Beastiary | 3 | |
| Spirit Lodge | 1 | |
| Great Hall | 1 | |
23 total
» build order
00:14 Altar of Storms
00:47 Orc Burrow
01:49 Orc Burrow
03:00 Voodoo Lounge
03:16 Voodoo Lounge
05:06 Voodoo Lounge
05:56 War Mill
07:19 Stronghold
07:19 Stronghold
07:22 Watch Tower
09:11 Watch Tower
09:20 Watch Tower
09:49 Fortress
11:45 Beastiary
11:49 Spirit Lodge
12:24 Beastiary
12:26 Beastiary
12:56 Voodoo Lounge
13:19 Orc Burrow
15:15 Orc Burrow
19:24 Orc Burrow
29:30 Great Hall
» items
| Healing Salve | 3 | |
| Lesser Clarity Potion | 5 | |
| Scroll of Speed | 1 | |
| Orb of Lightning | 1 | |
| Tome of Retraining | 1 | |
11 total
team 2 (loser)
DioAttecchino (
yellow | 47 APM | 1372 actions | 29:26)
3 Death Knight
2 Death Coil
1 Unholy Aura
» actions
| Assign group hotkey | 23 | |
| Basic commands | 7 | |
| Build / train | 41 | |
| Enter build submenu | 17 | |
| Enter hero's abilities submenu | 3 | |
| Right click | 877 | |
| Select / deselect | 139 | |
| Select group hotkey | 237 | |
| Use ability | 28 | |
1372 total
» units
| Acolyte | 2 | |
| Ghoul | 3 | |
| Crypt Fiend | 10 | |
| Frost Wyrm | 12 | |
27 total
» upgrades
| Creature Attack | 1 | |
| Web | 1 | |
| Freezing Breath | 1 | |
3 total
» buildings
| Altar of Darkness | 1 | |
| Crypt | 1 | |
| Ziggurat | 9 | |
| Nerubian Tower | 1 | |
| Graveyard | 1 | |
| Halls of the Dead | 1 | |
| Spirit Tower | 4 | |
| Black Citadel | 1 | |
| Sacrificial Pit | 1 | |
| Boneyard | 3 | |
23 total
» build order
00:10 Altar of Darkness
00:14 Crypt
00:19 Ziggurat
01:08 Ziggurat
01:31 Nerubian Tower
01:44 Graveyard
03:55 Ziggurat
04:36 Ziggurat
05:02 Halls of the Dead
06:55 Spirit Tower
08:05 Black Citadel
08:35 Sacrificial Pit
08:41 Ziggurat
08:46 Ziggurat
10:27 Spirit Tower
10:37 Boneyard
10:59 Boneyard
11:08 Ziggurat
11:24 Ziggurat
12:06 Boneyard
12:15 Ziggurat
13:01 Spirit Tower
14:04 Spirit Tower
GaRgAs84 (
blue | 55 APM | 1729 actions | 31:24)
3 Far Seer
2 Feral Spirit
1 Chain Lighting
3 Shadow Hunter
2 Healing Wave
1 Hex
» actions
| Assign group hotkey | 48 | |
| Basic commands | 20 | |
| Build / train | 62 | |
| Enter build submenu | 24 | |
| Enter hero's abilities submenu | 6 | |
| Remove unit from queue | 3 | |
| Right click | 896 | |
| Select / deselect | 351 | |
| Select group hotkey | 232 | |
| Use ability | 87 | |
1729 total
» units
| Peon | 9 | |
| Grunt | 7 | |
| Demolisher | 11 | |
| Troll Batrider | 9 | |
| Wind Rider | 3 | |
39 total
» upgrades
| Ranged Weapons | 2 | |
| Burning Oil | 1 | |
| Reinforced Defenses | 1 | |
| Liquid Fire | 1 | |
| Envenomed Spears | 1 | |
6 total
» buildings
| Altar of Storms | 1 | |
| Orc Burrow | 8 | |
| Barracks | 3 | |
| Voodoo Lounge | 2 | |
| War Mill | 1 | |
| Stronghold | 1 | |
| Watch Tower | 3 | |
| Fortress | 1 | |
| Beastiary | 1 | |
21 total
» build order
00:06 Altar of Storms
00:11 Orc Burrow
00:52 Barracks
01:51 Orc Burrow
02:37 Voodoo Lounge
02:43 War Mill
03:28 Orc Burrow
04:16 Stronghold
06:08 Orc Burrow
06:10 Barracks
06:44 Watch Tower
06:49 Watch Tower
07:11 Watch Tower
07:17 Orc Burrow
13:19 Fortress
14:13 Beastiary
16:31 Orc Burrow
20:39 Barracks
22:33 Voodoo Lounge
23:32 Orc Burrow
23:36 Orc Burrow
» items
| Healing Salve | 1 | |
| Lesser Clarity Potion | 2 | |
| Scroll of Speed | 1 | |
| Potion of Healing | 1 | |
5 total
lorenzo206 (
pink | 40 APM | 1382 actions | 34:41)
5 Blademaster
2 Wind Walk
3 Critical Strike
» actions
| Assign group hotkey | 1 | |
| Basic commands | 58 | |
| Build / train | 48 | |
| Enter build submenu | 20 | |
| Enter hero's abilities submenu | 5 | |
| Remove unit from queue | 5 | |
| Right click | 939 | |
| Select / deselect | 228 | |
| Select group hotkey | 10 | |
| Use ability | 68 | |
1382 total
» units
| Peon | 11 | |
| Grunt | 1 | |
| Troll Headhunter/Berserker | 5 | |
| Demolisher | 4 | |
| Wind Rider | 6 | |
27 total
» buildings
| Orc Burrow | 6 | |
| Altar of Storms | 1 | |
| Barracks | 1 | |
| War Mill | 1 | |
| Watch Tower | 6 | |
| Stronghold | 1 | |
| Voodoo Lounge | 1 | |
| Beastiary | 2 | |
19 total
» build order
00:09 Orc Burrow
00:13 Altar of Storms
00:21 Barracks
01:04 War Mill
01:44 Orc Burrow
02:29 Watch Tower
03:58 Stronghold
04:42 Watch Tower
04:54 Voodoo Lounge
05:12 Watch Tower
08:46 Orc Burrow
08:50 Orc Burrow
09:12 Watch Tower
09:40 Watch Tower
10:13 Beastiary
10:38 Watch Tower
10:58 Beastiary
11:50 Orc Burrow
17:38 Orc Burrow
» items
| Healing Salve | 3 | |
| Lesser Clarity Potion | 5 | |
| Potion of Healing | 1 | |
9 total
Mr.Crow1 (
red | 67 APM | 1963 actions | 29:31)
5 Death Knight
3 Death Coil
2 Unholy Aura
2 Crypt Lord
1 Impale
1 Carrion Beetles
» actions
| Assign group hotkey | 12 | |
| Basic commands | 7 | |
| Build / train | 66 | |
| Enter build submenu | 16 | |
| Enter hero's abilities submenu | 7 | |
| Give item / drop item | 2 | |
| Remove unit from queue | 3 | |
| Right click | 1291 | |
| Select / deselect | 422 | |
| Select group hotkey | 34 | |
| Use ability | 103 | |
1963 total
» units
| Acolyte | 3 | |
| Ghoul | 14 | |
| Crypt Fiend | 2 | |
| Frost Wyrm | 9 | |
28 total
» upgrades
» buildings
| Crypt | 1 | |
| Altar of Darkness | 1 | |
| Ziggurat | 5 | |
| Graveyard | 1 | |
| Tomb of Relics | 1 | |
| Halls of the Dead | 1 | |
| Black Citadel | 1 | |
| Sacrificial Pit | 1 | |
| Boneyard | 2 | |
| Nerubian Tower | 1 | |
15 total
» build order
00:11 Crypt
00:18 Altar of Darkness
00:27 Ziggurat
01:08 Graveyard
01:47 Tomb of Relics
01:59 Ziggurat
03:03 Halls of the Dead
07:12 Black Citadel
08:23 Sacrificial Pit
08:29 Ziggurat
09:41 Boneyard
10:33 Ziggurat
10:51 Ziggurat
10:54 Boneyard
19:33 Nerubian Tower
» items
| Healing Salve | 2 | |
| Potion of Healing | 10 | |
| Rod of Necromancy | 1 | |
| Lesser Clarity Potion | 3 | |
| Potion of Mana | 4 | |
| Scroll of Town Portal | 1 | |
| Scroll of Healing | 1 | |
22 total
Chat log
(00:07 / Allies) Towers4Algernon: yeah lets do itt
(00:14 / Allies) Towers4Algernon: lets gilderbase tower rush
(00:16 / Allies) Towers4Algernon: workers sent.
(00:24 / Allies) Towers4Algernon: gonna speedbuild townhall
(00:26 / Allies) Towers4Algernon: some mannerlag if u dont mind
(00:30 / Allies) GotoYurup: mata gone??
(00:32 / All) Mr.Crow1: ma chi p=
(00:39 / Allies) Towers4Algernon: yes workers we're tower rushing
(00:49 / Allies) Towers4Algernon: what are you gonna do with those
(01:00 / Allies) Towers4Algernon: didnt think it through did 7you
(01:17 / Allies) Towers4Algernon: what about their heroes etc ?
(01:30 / Allies) Towers4Algernon: what are you gonna do i still dont understand
(01:36 / Allies) Towers4Algernon: i mean timg
(01:39 / Allies) TIMG4STRok: DO YOU know what a tower is
(01:39 / Allies) Towers4Algernon: what is game plan
(01:45 / Allies) Towers4Algernon: are you gonna 80%?
(01:48 / Allies) TIMG4STRok: do you understand
(01:50 / Allies) TIMG4STRok: what a tower rush is
(02:46 / Allies) GotoYurup: no FUCK u
(02:54 / Allies) TIMG4STRok: IM GONNA talk a shit on u
(02:56 / All) Mr.Crow1: LOL
(02:57 / All) Mr.Crow1: noobs
(03:06 / Allies) Towers4Algernon: wtf?
(03:49 / All) GaRgAs84: lol?
(03:53 / All) Mr.Crow1: noobs
(04:00 / Allies) Towers4Algernon: why didnt you tp purple.
(04:12 / Allies) Towers4Algernon: yes i thought we were tower rushing
(04:14 / Allies) Towers4Algernon: like why
(04:46 / Allies) Towers4Algernon: lumber
(06:11 / Allies) Towers4Algernon: those orc towers...
(06:15 / Allies) Towers4Algernon: resources please
(07:46 / Allies) Towers4Algernon: lumber
(08:03 / Allies) Towers4Algernon: we are vulnerable to counter
(08:46 / Allies) Towers4Algernon: lotta siege
(09:34 / Allies) Towers4Algernon: gold
(09:37 / Allies) Towers4Algernon: we need some workshops in the hot zone
(10:11 / Allies) Towers4Algernon: get webbed
(10:20 / Allies) GotoYurup: mlag
(11:08 / Allies) Towers4Algernon: cant tower without resources
(12:38 / Allies) Towers4Algernon: wyrms dont REALLY counter towers
(12:54 / Allies) Towers4Algernon: these catas counter towers
(13:17 / Allies) Towers4Algernon: gold
(14:20 / Allies) Towers4Algernon: wyrms out
(14:21 / Allies) Towers4Algernon: gold please
(14:52 / Allies) Towers4Algernon: oh damn you built them on wrong side of map
(15:39 / Allies) Towers4Algernon: is this 100% slalom?
(15:50 / Allies) GotoYurup: knocking out pink
(16:01 / Allies) Towers4Algernon: gold gold gold
(16:16 / Allies) GotoYurup: ima take pink's mine
(16:48 / Allies) Towers4Algernon: gold
(17:48 / All) TIMG4STRok: noobs......
(17:50 / Allies) Towers4Algernon: work blue with catas
(18:31 / Allies) Towers4Algernon: just need gold
(19:04 / Allies) GotoYurup: brb
(19:37 / Allies) Towers4Algernon: they mines out
(19:41 / Allies) Towers4Algernon: gooold
(19:52 / Allies) Towers4Algernon: blinn is millionary
(19:55 / Allies) Towers4Algernon: but he afk
(20:09 / Allies) GotoYurup: who needs res
(20:19 / Allies) Towers4Algernon: me
(20:21 / Allies) Towers4Algernon: gold
(20:53 / Allies) GotoYurup: i have to go in like 5 mins btw
(20:57 / Allies) GotoYurup: sorry
(20:58 / Allies) Towers4Algernon: game's over
(21:11 / Allies) Towers4Algernon: :S
(21:13 / Allies) Towers4Algernon: oh well mine is out
(21:38 / All) TIMG4STRok: MLNOOBS!!
(21:42 / All) Mr.Crow1: lol
(21:50 / All) TIMG4STRok: how u suck. so bad
(21:53 / Allies) Towers4Algernon: ok towers halted, no gold
(23:17 / All) TIMG4STRok: TIP: unsummon red base feed yellow
(23:32 / Allies) GotoYurup: ok i have to go here sorry bros
(23:36 / Allies) GotoYurup: who wants resources before i do?
(23:37 / Allies) Towers4Algernon: me
(23:41 / Allies) US-East: give to mata
(23:46 / Allies) GotoYurup: so kill it
(23:47 / Allies) GotoYurup: use my siege
(23:48 / Allies) GotoYurup: peace
(23:52 / All) Mr.Crow1: gg
(24:00 / All) TIMG4STRok: GG U Win...
(24:33 / Allies) Towers4Algernon: red buyin' himself some potions
(24:44 / Allies) Towers4Algernon: creep that for me and i can distance it
(26:40 / Allies) Towers4Algernon: i use 2 pults on ud base
(26:47 / Allies) Towers4Algernon: why wait
(28:28 / All) lorenzo206: pe usalo te
(28:32 / All) TIMG4STRok: OOSB!
(28:40 / Allies) Towers4Algernon: they repairing main, for some reason
(29:30 / Allies) Towers4Algernon: no resource
(29:39 / Allies) Towers4Algernon: i never have any resources
(29:43 / Allies) Towers4Algernon: im always stuck with noob feeders
(29:50 / Allies) US-East: wth
(29:52 / Allies) Towers4Algernon: thats why no magic sentry
(30:09 / All) TIMG4STRok: all noob leave
(32:02 / All) TIMG4STRok: ALL NOOB LEAVE
(32:37 / Allies) Towers4Algernon: yellow base being converted into towertown
(32:43 / Allies) Towers4Algernon: bear had a good term for that
(32:50 / Allies) Towers4Algernon: forget what it was